 Dungeon Crawl Stone Soup version 0.19-a0-1878-gcbc8a98 (webtiles) character file.

272 roflturtle the Conjurer (level 5, -7/38 HPs)
             Began as a Demigod Conjurer on Oct 14, 2016.
             Mangled by an ogre
             ... wielding a +0 giant club
              (17 damage)
             ... on level 4 of the Dungeon.
             The game lasted 00:38:43 (3831 turns).

roflturtle the Conjurer (Demigod Conjurer)          Turns: 3831, Time: 00:38:44

Health: -7/38      AC:  3    Str: 11    XL:     5   Next: 71%
Magic:  1/12       EV: 13    Int: 21    God:
Gold:   87         SH:  0    Dex: 16    Spells: 3 memorised, 4 levels left

rFire  . . .     SeeInvis .     n - +0 dagger
rCold  . . .     Gourm    .     a - +0 robe
rNeg   . . .     Faith    .     (no shield)
rPois  .         Spirit   .     (no helmet)
rElec  .         Dismiss  .     i - +0 cloak
rCorr  .         Reflect  .     (no gloves)
MR     .....     Harm     .     (no boots)
Stlth  ++........               (no amulet)
                                (no ring)
                                (no ring)

@: no status effects
A: high mp 1
a: no special abilities


You were on level 4 of the Dungeon.
You were very hungry.

You visited 1 branch of the dungeon, and saw 4 of its levels.

You collected 87 gold pieces.

Inventory:

Hand Weapons
 h - a +1 vampiric spear
 n - a +0 dagger (weapon)
Armour
 a - a +0 robe (worn)
 e - a +2 leather armour of poison resistance
 i - a +0 cloak (worn)
 o - a cursed +0 ring mail
Jewellery
 f - an uncursed amulet of rage {unknown}
Scrolls
 d - 2 scrolls of remove curse
 k - a scroll of teleportation {unknown}
 p - 2 scrolls of amnesia {unknown}
 q - a scroll of identify {unknown}
Potions
 j - a potion of cure mutation {unknown}
 l - 3 potions of curing {unknown}
 m - a potion of magic {unknown}
 s - a potion of might {unknown}
Books
 b - a book of Conjurations

   Spells                             Type                      Level
   a - Magic Dart                     Conjuration                  1
   b - Searing Ray                    Conjuration                  2
   c - Dazzling Spray                 Conjuration/Hexes            3
   d - Fulminant Prism                Conjuration/Hexes            4
   e - Iskenderun's Mystic Blast      Conjuration                  4
   f - Iskenderun's Battlesphere      Conjuration/Charms           5
Comestibles
 c - a bread ration
 g - a meat ration
 r - a fruit
 t - a beef jerky


   Skills:
 - Level 2.0 Dodging
 - Level 2.0 Stealth
 - Level 3.0 Spellcasting
 - Level 5.0 Conjurations
 + Level 2.9 Hexes


You had 4 spell levels left.
You knew the following spells:

 Your Spells              Type           Power        Failure   Level  Hunger
a - Magic Dart            Conj           ###.         1%          1    None
b - Searing Ray           Conj           ###...       2%          2    ##.....
c - Dazzling Spray        Conj/Hex       ###...       10%         3    ###....


Dungeon Overview and Level Annotations

Branches:
Dungeon (4/15)
 Temple: D:4-7


Innate Abilities, Weirdness & Mutations

You have an increased reservoir of magic. (+10% MP)


Message History

The spray of energy hits the ogre.
The ogre is moderately wounded.
The ogre barely misses you.
You see here a worker ant corpse.
A leopard gecko comes into view.
The leopard gecko moves out of view.
The iguana hisses angrily.
The iguana hisses menacingly.
You see here a worker ant corpse.
Casting: Dazzling Spray
Confirm with . or Enter, or press ? or * to list all spells.
Aiming: Dazzling Spray
Press: ? - help, Shift-Dir - straight line, f/p - ogre
Aim: an ogre, wielding a giant club (lightly wounded)
The spray of energy hits the ogre.
The ogre is heavily wounded.
The ogre is dazzled.
You are feeling very hungry.
The ogre hits you with a giant club!
You die...

. #.# #....# #.#
#....# #.# #....#
#.# #....# #†#
##....# #l#
##.....# # #.#
###<.....# #. #O#
#........# #.#@#
#.#......##
#...###...$.$...#
##..............#
#..............#
##>...........##
#............#
#............#
#............#
#............#


You could see an ogre (blind) and an iguana.

Vanquished Creatures
  An orc wizard (D:4)
  3 worker ants (D:4)
  3 adders
  2 gnolls (D:4)
  4 worms
  2 dart slugs
  9 orcs
  A ball python (D:4)
  3 giant cockroaches
  9 goblins
  16 hobgoblins
  10 jackals
  11 kobolds
  A quokka (D:3)
  9 bats
  8 frilled lizards
  10 rats
102 creatures vanquished.

Notes
Turn   | Place    | Note
-------+----------+-------------------------------------------
     0 | D:1      | roflturtle the Demigod Conjurer began the quest for the Orb.
     0 | D:1      | Reached XP level 1. HP: 14/14 MP: 5/5
   310 | D:1      | Reached XP level 2. HP: 20/20 MP: 4/7
   527 | D:1      | Reached skill level 4 in Conjurations
   922 | D:1      | Learned a level 2 spell: Searing Ray
  1133 | D:2      | Reached XP level 3. HP: 24/26 MP: 2/9
  1341 | D:2      | Found a radiant altar of Vehumet.
  2162 | D:2      | Learned a level 3 spell: Dazzling Spray
  2380 | D:3      | Reached XP level 4. HP: 33/33 MP: 7/11
  2622 | D:3      | Found a snail-covered altar of Cheibriados.
  3368 | D:4      | Reached skill level 5 in Conjurations
  3521 | D:4      | Found an iron altar of Okawaru.
  3558 | D:4      | Reached skill level 1 in Hexes
  3558 | D:4      | Reached XP level 5. HP: 22/38 MP: 3/12
  3743 | D:4      | Noticed an ogre
  3831 | D:4      | Mangled by an ogre

Vault maps used:
D:1:      lightli_arrival_flooded_house
D:2:      vehumet_crystals
D:3:      cheibriados_altar_1
D:4:      nicolae_overflow_crystal_walls, okawaru_altar_gauntlet_db,
          serial_glass, glass_columns_c, glass_columns_a

Skill      XL: |  1  2  3  4  5 |
---------------+----------------+-----
Spellcasting   | 2 3 |  3.0
Dodging        | 2 |  2.0
Conjurations   | 4 5 |  5.0
Stealth        | 2 |  2.0
Hexes          | 1 2 |  2.9

Action                   |  1- 3 |  4- 6 || total
-------------------------+-------+-------++-------
Melee: Unarmed           |     5 |       ||     5
       Dagger            |     4 |     4 ||     8
 Cast: Magic Dart        |   121 |    95 ||   216
       Searing Ray       |     3 |     7 ||    10
       Dazzling Spray    |       |     4 ||     4
  Use: Scroll            |     2 |       ||     2
 Stab: Sleeping          |     1 |       ||     1
  Eat: Chunk             |     5 |     4 ||     9
Armor: Robe              |     4 |    10 ||    14
Dodge: Dodged            |    22 |    49 ||    71
